cohdb
Replays
Latest Replays
All Replays
Popular Replays
Top Player Replays
Match Explorer
How It Works
Community
CoH3 Stats
Reddit
Sign in to upload your games and track your stats! →
Sign in with Steam
Match 46571501
Unlisted
Match 46571501
Overview
Messages
Build Orders
End
Royal Engineer Section
Construct Section Command Post
Selects Air and Sea Battlegroup
Infantry Section
Infantry Section
Vickers Machine Gun Team
Construct Field Infirmary
Construct Platoon Command Post
6-pounder Anti-tank Gun Team
Selects Supply Surplus
Selects Commando Section Paradrop
King Charles III
RainbowDurr
Tomsch
Angrybirds
0
0
Comments
sign in to comment!
No comments posted yet!